 Dungeon Sprint DCSS version 0.25-a0-460-g4f2eb97ec1 (webtiles) character file.

Game seed: 2304717224499549085, levelgen mode: deterministic

87 McKennaii the Skirmisher (level 4, 0/36 (38) HPs)
             Began as a Demonspawn Fighter on Feb 3, 2020.
             Slain by a necrophage (3 damage)
             ... in the Dungeon (Sprint II: "The Violet Keep of Menkaure").
             The game lasted 00:00:27 (24 turns).

McKennaii the Skirmisher (Demonspawn Fighter)         Turns: 24, Time: 00:00:28

HP:   0/36 (38)     AC:  7    Str: 16    XL:     4   Next: 28%
MP:   4/4           EV:  8    Int: 10    God:
Gold: 0             SH:  9    Dex: 13    Spells: 3/3 levels left

rFire    . . .     SeeInvis .   a - +0 long sword
rCold    . . .     Gourm    .   c - +0 shield
rNeg     . . .     Faith    .   b - +0 scale mail
rPois    .         Spirit   .   (helmet restricted)
rElec    .         Reflect  .   (no cloak)
rCorr    .         Harm     .   (no gloves)
MR       .....     NoTele   +   (no boots)
Stlth    +.........             (no amulet)
HPRegen  0.12/turn              (no ring)
MPRegen  0.09/turn              (no ring)

@: no status effects
A: horns 1, sturdy frame 2
a: no special abilities


You were in the Dungeon.
You were not hungry.

You visited 1 branch

Inventory:

Hand Weapons
 a - a +0 long sword (weapon)
Armour
 b - a +0 scale mail (worn)
 c - a +0 shield (worn)
Scrolls
 k - a scroll of blinking
Potions
 d - a potion of might
 e - a potion of curing
 g - a potion of heal wounds
 h - a potion of haste
 i - 2 potions of magic
 j - a potion of berserk rage
Comestibles
 f - a ration


   Skills:
 + Level 4.8 Fighting
 * Level 4.8 Long Blades
 + Level 4.7 Armour
 + Level 0.6 Dodging
 + Level 4.3 Shields


You had 3 spell levels left.
You didn't know any spells.
Your spell library was empty.

Dungeon Overview and Level Annotations

Branches:
Dungeon (1/1)

Altars:


Innate Abilities, Weirdness & Mutations

You have a pair of small horns on your head.
Your movements are less encumbered by armour. (ER -4)


Message History

Your demonic ancestry asserts itself...
You feel less encumbered by your armour.
You have reached level 3!
Your experience leads to an increase in your attributes!
Increase (S)trength, (I)ntelligence, or (D)exterity?
You feel agile.
Your demonic ancestry asserts itself...
A pair of horns grows on your head!
You have reached level 4!
You feel clever.
Your demonic ancestry asserts itself...
You feel less encumbered by your armour.
The necrophage hits you.
* * * LOW HITPOINT WARNING * * *
You slash the necrophage!
You headbutt the necrophage, but do no damage.
The necrophage is heavily damaged.
You block the necrophage's attack.
You completely miss the necrophage. Your headbutt misses the necrophage.
The necrophage is heavily damaged.
The necrophage hits you.
You die...

# #+# .##
##.##n..#
+.<@n#
##.##n..#
#+# .## #


You could see 3 necrophages.

Vanquished Creatures
  A necrophage (D)
1 creature vanquished.

Notes
Turn   | Place    | Note
-------+----------+-------------------------------------------
     0 | D        | McKennaii the Demonspawn Fighter began the quest for the
                  | Orb.
     0 | D        | Reached XP level 1. HP: 18/18 MP: 1/1
     1 | D        | Noticed a necrophage
     1 | D        | Noticed a necrophage
     1 | D        | Noticed a necrophage
     1 | D        | Noticed a necrophage
    22 | D        | Killed a necrophage
    22 | D        | Gained mutation: Your movements are slightly less
                  | encumbered by armour. (ER -2) [demonic ancestry]
    22 | D        | Reached XP level 2. HP: 5/24 MP: 2/2
    22 | D        | Gained mutation: You have a pair of small horns on your
                  | head. [demonic ancestry]
    22 | D        | Reached XP level 3. HP: 6/30 MP: 3/3
    22 | D        | Gained mutation: Your movements are less encumbered by
                  | armour. (ER -4) [demonic ancestry]
    22 | D        | Reached XP level 4. HP: 8/36 MP: 4/4
    24 | D        | Slain by a necrophage

Levels and vault maps discovered:
D:        the_violet_keep_of_menkaure [sprint2_stairs_cluster_1,
          sprint2_shoproom, sprint2_temple, sprint2_basic_supplies,
          sprint2_obstacle_7, sprint2_obstacle_2, sprint2_obstacle_4,
          sprint2_obstacle_5, sprint2_obstacle_6, sprint2_timed_cluster_1,
          sprint2_smallroom_cluster_1, sprint2_smallroom_final_cluster_1,
          sprint2_transparent_cluster_1, sprint2_second_timed_cluster_1,
          sprint2_sniper_area_1, sprint2_heavy_combat_area_1,
          sprint2_mutation_trap_area_1, sprint2_forest_area_1,
          sprint2_light_combat_area_1, sprint2_behind_water_1,
          sprint2_near_end_vault_1]

Skill      XL: |  1 |
---------------+----+-----
Fighting       | 4 |  4.8
Long Blades    | 4 |  4.8
Armour         | 4 |  4.7
Shields        | 4 |  4.3
Dodging        | |  0.6

Action                   |  1- 3 |  4- 6 || total
-------------------------+-------+-------++-------
Melee: Long sword        |    20 |     2 ||    22
       Headbutt          |       |     1 ||     1
Armor: Scale mail        |     5 |       ||     5
Dodge: Dodged            |     6 |       ||     6
Block: Shield            |    10 |     1 ||    11
       Rpst.: Long sword |     2 |       ||     2

Table legend:
 A = Non-vault XP
 B = Vault XP
 C = Vault XP percentage of total XP
 D = Non-vault monster count
 E = Vault monster count
 F = Vault count percentage of total count
                 A         B        C        D         E       F
            +---------+---------+-------+---------+---------+-------
      Total |       0 |     125 | 100.0 |       0 |       1 | 100.0
            +---------+---------+-------+---------+---------+-------
          D |       0 |     125 | 100.0 |       0 |       1 | 100.0
            +---------+---------+-------+---------+---------+-------
